 Dungeon Crawl Stone Soup version 0.28-a0-1087-gf3fc490d9d (webtiles) character file.

Game seed: 4994370859102535876

637 ducksouse the Covered (level 7, -2/62 HPs)
             Began as a Minotaur Fighter on Dec 10, 2021.
             Was an Initiate of Ashenzari.
             Killed by divine providence
             ... invoked by an orc priest
              (11 damage)
             ... on level 5 of the Dungeon.
             The game lasted 00:23:55 (4037 turns).

ducksouse the Covered (Minotaur Fighter)            Turns: 4037, Time: 00:23:55

Health: -2/62      AC: 11    Str: 23    XL:     7   Next: 25%
Magic:  6/6        EV: 25    Int:  5    God:    Ashenzari [......]
Gold:   170        SH:  4    Dex:  9    Spells: 5/6 levels left

rFire   + . .      SeeInvis .   d - +2 flail (vorpal)
rCold   . . .      Faith    .   c - +0 buckler
rNeg    . . .      Spirit   .   p - +4 scale mail {rF+}
rPois   .          Reflect  .   (helmet restricted)
rElec   .          Harm     .   (no cloak)
rCorr   .          Rampage  .   (no gloves)
Will    .....                   (no boots)
Stlth   ..........              x - amulet of the acrobat
HPRegen 0.20/turn               (no ring)
MPRegen 0.10/turn               (no ring)

@: acrobatic
A: horns 2, retaliatory headbutt
a: Renounce Religion


You were on level 5 of the Dungeon.
You worshipped Ashenzari.
Ashenzari was noncommittal.
You visited 1 branch of the dungeon, and saw 5 of its levels.

You collected 170 gold pieces.

Inventory:

Hand Weapons
 a - a +0 long sword
 d - a +2 vorpal flail (weapon)
 g - a +1 trident of freezing
 l - a +2 dagger of flaming
 q - a +0 hunting sling
Missiles
 h - 84 stones (quivered)
 i - 56 bolts
Armour
 b - a +0 scale mail
 c - a +0 buckler (worn)
 n - a +0 ring mail
 p - a +4 scale mail of fire resistance (worn)
 s - a +0 chain mail
Magical Staves
 u - a staff of cold
Jewellery
 x - an amulet of the acrobat (around neck)
Wands
 o - a wand of flame (19)
Potions
 m - a potion of mutation
 t - a potion of degeneration {unknown}


   Skills:
 + Level 5.7 Fighting
 + Level 4.7 Long Blades
 + Level 1.0 Maces & Flails
 + Level 3.1 Polearms
 + Level 6.1 Armour
 + Level 1.1 Dodging
 + Level 0.2 Stealth
 + Level 4.8 Shields


You had 5 spell levels left.
You knew the following spells:

 Your Spells              Type           Power      Damage    Failure   Level
a - Summon Small Mammal   Summ           0%         N/A       77%         1

Your spell library contained the following spells:

 Spells                   Type           Power      Damage    Failure   Level
 Animate Skeleton         Necr           0%         N/A       77%         1
 Apportation              Tloc           0%         N/A       77%         1


Dungeon Overview and Level Annotations

Branches:
Dungeon (5/15)
 Temple: D:4-7

Altars:
Ashenzari
Fedhas
Makhleb


Innate Abilities, Weirdness & Mutations

You have a pair of horns on your head.
You reflexively headbutt those who attack you in melee.


Message History

The phantom barely misses you.
You miss the phantom.
The phantom is heavily damaged.
The phantom hits you but does no damage.
You barely miss the phantom.
The phantom is heavily damaged.
The phantom completely misses you.
The orc wizard mumbles some strange words.
The orc wizard flickers and vanishes!
Deactivating autopickup; reactivate with Ctrl-A.
The phantom hits you but does no damage.
You barely miss the phantom.
The phantom is heavily damaged.
The phantom hits you.
The phantom blinks!
You blink.
You feel better.
The phantom hits you but does no damage.
You sock the phantom!
The phantom is almost destroyed.
The phantom hits you. x2
You hit the phantom.
You destroy the phantom!
The ogre hits you with a +0 giant spiked club!!
* * * LOW HITPOINT WARNING * * *
You have reached level 7!
You hit the ogre.
The ogre is moderately wounded.
The ogre barely misses you. You furiously retaliate!
You headbutt the ogre! You hit the ogre.
The ogre is almost dead.
The ogre hits you but does no damage.
You sock the ogre!
You kill the ogre!
Your Maces & Flails skill increases to level 1!
Your Polearms skill increases to level 3!
Your Armour skill increases to level 6!
You hit the orc but do no damage. You headbutt the orc!
You kill the orc!
The orc priest calls down the wrath of Beogh upon you.
Beogh smites you!
You die...

#o# .# #.#
.# #.# .#
########.#
.#
#...Woo{.#
.#
#o########
.# #.# #W#
#@# #.#
#.# #..
###


You could see a phantom and an orc priest.

Vanquished Creatures
  Edmund (D:5)
  A black bear (D:5)
  An ogre (D:5)
  A phantom (D:5)
  A scorpion (D:4)
  An orc priest (D:3)
  An iguana (D:4)
  An orc wizard (D:3)
  5 adders
  A dart slug (D:2)
  5 orcs
  10 bats
  13 endoplasms
  2 giant cockroaches
  4 goblins
  6 hobgoblins
  3 jackals (D:1)
  8 quokkas
  8 ball pythons
  3 frilled lizards
  12 kobolds
  8 rats
96 creatures vanquished.

Vanquished Creatures (others)
  3 plants (D:1)
3 creatures vanquished.

Grand Total: 99 creatures vanquished

Notes
Turn   | Place    | Note
-------+----------+-------------------------------------------
     0 | D:1      | ducksouse the Minotaur Fighter began the quest for the Orb.
     0 | D:1      | Reached XP level 1. HP: 19/19 MP: 0/0
   157 | D:1      | Reached XP level 2. HP: 15/27 MP: 1/1
   449 | D:1      | Reached skill level 4 in Armour
   556 | D:1      | Reached XP level 3. HP: 33/33 MP: 2/2
  1142 | D:2      | Reached XP level 4. HP: 40/40 MP: 3/3
  1296 | D:2      | Found a burning altar of Makhleb.
  2019 | D:3      | Reached skill level 5 in Armour
  2019 | D:3      | Reached XP level 5. HP: 24/47 MP: 4/4
  2179 | D:3      | Learned a level 1 spell: Summon Small Mammal
  2305 | D:3      | Found a burning altar of Makhleb.
  2313 | D:3      | Found a blossoming altar of Fedhas.
  2751 | D:4      | Found a broken altar of Ashenzari.
  3215 | D:4      | Became a worshipper of Ashenzari the Shackled
  3260 | D:4      | Reached skill level 5 in Fighting
  3260 | D:4      | Reached XP level 6. HP: 55/56 MP: 5/5
  3263 | D:4      | Reached skill level 1 in Polearms
  3560 | D:5      | Entered Level 5 of the Dungeon
  3569 | D:5      | Noticed Edmund
  3586 | D:5      | Killed Edmund
  3590 | D:5      | Reached skill level 1 in Dodging
  4032 | D:5      | Reached XP level 7. HP: 8/61 MP: 6/6
  4035 | D:5      | Reached skill level 1 in Maces & Flails
  4035 | D:5      | Reached skill level 6 in Armour
  4037 | D:5      | Killed from afar by an orc priest

Illustrated notes

Levels and vault maps discovered:
D:1:      eino_arrival_water_cross, layout_rooms
D:2:      layout_loops_ring, basic_altar, lemuel_old_faithful
D:3:      layout_basic, chequers_temple_overflow_statue_of_worship
D:4:      layout_rooms, nicolae_ashenzari_panopticon, st_stairs_8
D:5:      cheibrodos_helix_gallery, layout_basic, supply_closet_lemuel,
          uniq_edmund

Skill      XL: |  1  2  3  4  5  6  7 |
---------------+----------------------+-----
Fighting       | 4 5 |  5.7
Shields        | 4 |  4.8
Armour         | 4 5 6 |  6.1
Long Blades    | 3 4 |  4.7
Polearms       | 2 3 |  3.1
Dodging        | 1 |  1.1
Maces & Flails | 1 |  1.0
Stealth        | |  0.2

Action                   |  1- 3 |  4- 6 |  7- 9 || total
-------------------------+-------+-------+-------++-------
Melee: Long sword        |   109 |    51 |       ||   160
       Headbutt          |    12 |    18 |     1 ||    31
       Trident           |       |    64 |       ||    64
       Flail             |       |    14 |     4 ||    18
  Use: Scroll            |     1 |     7 |       ||     8
       Potion            |       |     7 |       ||     7
Armor: Scale mail        |    60 |    47 |     1 ||   108
       Chain mail        |       |    25 |       ||    25
Dodge: Dodged            |    62 |    67 |     1 ||   130
Block: Buckler           |    22 |    31 |       ||    53

Table legend: (Time is in decaauts)
 A = Elapsed time spent in this place.
 B = Non-inter-level travel time spent in this place.
 C = Inter-level travel time spent in this place.
 D = Time resting spent in this place.
 E = Time spent auto-exploring this place.
 F = Levels seen in this place.
 G = Mean time per level.
                   A        B        C        D        E       F      G
               +--------+--------+--------+--------+--------+-----+--------+
         Total |   4108 |   4108 |      0 |    912 |   1003 |   5 |  821.6 |
       Dungeon |   4108 |   4108 |      0 |    912 |   1003 |   5 |  821.6 |
               +--------+--------+--------+--------+--------+-----+--------+

Top non-repeatable levels by time:
     D:2: 1009 daAuts
     D:1: 900 daAuts
     D:3: 881 daAuts
     D:4: 825 daAuts
     D:5: 492 daAuts
